cohdb
Replays
Latest Replays
All Replays
Popular Replays
Top Player Replays
Match Explorer
How It Works
Community
CoH3 Stats
Reddit
Sign in to upload your games and track your stats! →
Sign in with Steam
Match 43789778
Unlisted
Match 43789778
Overview
Messages
Build Orders
End
Construct Section Command Post
Selects Heavy Armor Battlegroup
Infantry Section
Dingo Light Scout Car
Infantry Section
Vickers Machine Gun Team
Construct Platoon Command Post
Selects Rigorous Vehicle Training
Selects Light Vehicle Withdraw and Refit
Light Vehicle Withdraw and Refit
Humber Armored Car
Royal Engineer Section
Infantry Training
6-pounder Anti-tank Gun Team
Infantry Section
Construct Field Infirmary
Infantry Section
Selects Forward Repair Assembly
Selects UNKNOWN (2162094)
Royal Engineer Section
Construct Company Command Post
6-pounder Anti-tank Gun Team
Crusader II Medium Tank
Foot Guards Section
Grenade Package
Selects UNKNOWN (202330)
Selects Recon Artillery
Royal Engineer Section
Churchill IV Heavy Tank
Crusader II Medium Tank
Recon Artillery
Recon Artillery
Unlock M3 Grant Medium Tanks
Churchill IV Heavy Tank
M3 Grant Medium Tank
Recon Artillery
M3 Grant Medium Tank
Armored Vehicle Training
Recon Artillery
Team Weapon Training
Bald
Novacaine
bigcheese
DooWop
0
0
Comments
sign in to comment!
No comments posted yet!